 Dungeon Crawl Stone Soup version 0.25.1-2-g60ff931df9 (webtiles) character file.

Game seed: 15683233138346039305

1547 DogServant the Skirmisher (level 8, -13/65 HPs)
             Began as a Barachi Hunter on Oct 16, 2020.
             Mangled by Duvessa
             ... wielding a +0 rapier
              (15 damage)
             ... on level 6 of the Dungeon.
             The game lasted 00:11:26 (7175 turns).

DogServant the Skirmisher (Barachi Hunter)          Turns: 7175, Time: 00:11:26

Health: -13/65     AC:  8    Str: 19    XL:     8   Next: 87%
Magic:  11/11      EV: 14    Int:  6    God:
Gold:   135        SH:  0    Dex: 14    Spells: 7/7 levels left

rFire    x . .     SeeInvis .   a - +1 hand crossbow
rCold    + + .     Gourm    .   (no shield)
rNeg     + . .     Faith    .   C - +1 leather armour "Sauvyqas" {rC+ rN+ Str+4 Int-5}
rPois    .         Spirit   .   i - +1 helmet
rElec    .         Reflect  .   (no cloak)
rCorr    +         Harm     .   (no gloves)
MR       .....                  p - +0 pair of boots
Stlth    +.........             (no amulet)
HPRegen  0.20/turn              e - ring of ice
MPRegen  0.12/turn              A - ring of resist corrosion

@: about to teleport, slow
A: +LOS, swims, slowness 1, strong legs 1
a: Hop


You were on level 6 of the Dungeon.
You were not hungry.

You visited 1 branch of the dungeon, and saw 7 of its levels.
You also visited: Sewer.

You collected 240 gold pieces.
You spent 105 gold pieces at shops.

Inventory:

Hand Weapons
 a - a +1 hand crossbow (weapon)
 b - a +0 short sword
 c - a +1 rapier of holy wrath
 n - a +0 shortbow
Missiles
 d - 23 bolts (quivered)
 r - 2 poisoned darts
 t - 20 sling bullets
 v - a throwing net
 D - 33 arrows
Armour
 i - a +1 helmet (worn)
 p - a +0 pair of boots (worn)
 B - a +1 leather armour of fire resistance
 C - the +1 leather armour "Sauvyqas" (worn) {rC+ rN+ Str+4 Int-5}
   (You found it on level 6 of the Dungeon)

   It affects your strength (+4).
   It affects your intelligence (-5).
   It protects you from cold.
   It protects you from negative energy.
Jewellery
 e - a ring of ice (left hand)
 A - a ring of resist corrosion (right hand)
 E - an uncursed amulet of guardian spirit {unknown}
Wands
 w - a wand of enslavement (7)
Scrolls
 j - 6 scrolls of teleportation
 l - 2 scrolls of remove curse
 y - a scroll of fear
 F - a scroll of fog
Potions
 g - 5 potions of flight
 h - 2 potions of mutation
 k - 4 potions of haste
 m - 3 potions of curing
 o - 3 potions of brilliance {unknown}
 q - 2 potions of might {unknown}
 s - a potion of lignification {unknown}
 u - a potion of magic {unknown}
 x - a potion of degeneration {unknown}
 z - 2 potions of stabbing {unknown}
Comestibles
 f - 8 rations
 G - 7 chunks of flesh


   Skills:
 + Level 6.9 Fighting
 + Level 6.7 Crossbows
 - Level 5.2 Armour
 - Level 5.3 Dodging
 - Level 0.8 Stealth
 + Level 4.0 Evocations


You had 7 spell levels left.
You didn't know any spells.
Your spell library was empty.

Dungeon Overview and Level Annotations

Branches:
Dungeon (7/15)              Sewer (visited)
 Temple: D:4-7

Altars:
Cheibriados
Kikubaaqudgha
Nemelex Xobeh
Qazlal
Uskayaw
Wu Jian
Yredelemnul
Zin

Shops:
D:4 ?

Annotations:
D:5 1 runed translucent door
D:6 Duvessa


Innate Abilities, Weirdness & Mutations

You can be seen from farther away. (+LOS)
You can swim through water.
You cover ground slowly.
You can hop short distances.


Message History

You assume a fearsome visage.
Duvessa misses you. Duvessa barely misses you. Duvessa misses you.
There is a stone staircase leading up here.
Duvessa hits you with a +0 rapier. Duvessa misses you.
You climb upwards.
There is a stone staircase leading down here.
Firing (i - inventory. (/) - cycle)
d - 24 bolts (quivered)
Press: ? - help, Shift-Dir - straight line, f - Duvessa
Aim: Duvessa, wielding a +0 rapier, wearing a +0 ring mail and carrying a wand of digging (5) (lightly wounded, berserk)
You shoot a bolt. The bolt barely misses Duvessa.
Duvessa hits you with a +0 rapier!
Okay, then.
As you read the scroll of teleportation, it crumbles to dust.
You feel strangely unstable. Duvessa misses you.
Duvessa hits you with a +0 rapier.
* * * LOW HITPOINT WARNING * * *
Duvessa hits you with a +0 rapier!
* * * LOW HITPOINT WARNING * * *
Duvessa hits you with a +0 rapier!
You die...

#.# #.# #.# #.# #.#
#.#
#.##################
#>e.......^.........
#..@....)...........
####################


You could see Duvessa (berserk).

Vanquished Creatures
  Grinder (D:4)
  Menkaure (D:6)
  2 centaurs (D:6)
  2 big kobolds (Sewer)
  A bullfrog (D:6)
  Dowan (D:7)
  A scorpion (D:6)
  A howler monkey (D:6)
  2 crimson imps
  2 bullfrog zombies (D:6)
  2 centaur skeletons (D:6)
  A hound (D:3)
  2 jellies (D:6)
  An orc priest (D:6)
  An iguana (D:6)
  9 worker ants
  2 hound skeletons (D:5)
  3 gnolls (D:6)
  3 adders (Sewer)
  5 river rats
  A shadow imp (D:6)
  An ooze (Sewer)
  An adder skeleton (D:4)
  3 worms
  2 dart slugs
  3 leopard geckos
  7 orcs
  A ball python (D:3)
  4 giant cockroaches
  10 goblins
  7 hobgoblins
  4 jackals (D:1)
  4 quokkas
  7 bats
  5 frilled lizards
  2 gnoll zombies (D:3)
  2 jackal skeletons (D:5)
  18 kobolds
  18 rats
143 creatures vanquished.

Notes
Turn   | Place    | Note
-------+----------+-------------------------------------------
     0 | D:1      | DogServant the Barachi Hunter began the quest for the Orb.
     0 | D:1      | Reached XP level 1. HP: 17/17 MP: 1/1
    64 | D:1      | Reached XP level 2. HP: 23/23 MP: 2/2
   676 | D:1      | Reached XP level 3. HP: 25/29 MP: 3/3
  1507 | D:2      | Found a stormy altar of Qazlal.
  2169 | D:2      | Reached XP level 4. HP: 28/37 MP: 4/4
  2289 | D:2      | Found a glowing silver altar of Zin.
  2403 | D:3      | Found a glowing drain.
  2578 | Sewer    | Entered a sewer
  2579 | Sewer    | Reached skill level 5 in Crossbows
  2645 | Sewer    | Noticed a big kobold
  2654 | Sewer    | Killed a big kobold
  2654 | Sewer    | Reached skill level 5 in Fighting
  2654 | Sewer    | Reached XP level 5. HP: 44/44 MP: 5/5
  2810 | Sewer    | Reached skill level 1 in Armour
  2906 | Sewer    | Reached XP level 6. HP: 51/51 MP: 6/6
  3373 | D:3      | Found a sparkling altar of Nemelex Xobeh.
  3901 | D:3      | Found a basalt altar of Yredelemnul.
  4134 | D:4      | Found Muyniopn's Magic Scroll Emporium.
  4143 | D:4      | Bought 3 scrolls of fear for 105 gold pieces
  4280 | D:4      | Found a hide-covered altar of Uskayaw.
  4415 | D:4      | Reached XP level 7. HP: 56/56 MP: 7/7
  4464 | D:4      | Noticed Grinder
  4473 | D:4      | Paralysed by Grinder for 5 turns
  4481 | D:4      | Killed Grinder
  4786 | D:4      | Found an ornate altar of the Wu Jian Council.
  5036 | D:5      | Entered Level 5 of the Dungeon
  5128 | D:5      | Reached skill level 5 in Dodging
  5173 | D:5      | Reached skill level 5 in Armour
  5642 | D:5      | Found an ancient bone altar of Kikubaaqudgha.
  5826 | D:5      | Found a runed translucent door.
  5875 | D:6      | Found a snail-covered altar of Cheibriados.
  6039 | D:6      | Got a smouldering leather armour
  6050 | D:6      | Identified the +1 leather armour "Sauvyqas" {rC+ rN+ Str+4
                  | Int-5} (You found it on level 6 of the Dungeon)
  6083 | D:6      | Reached skill level 1 in Evocations
  6083 | D:6      | Reached XP level 8. HP: 62/62 MP: 8/8
  6129 | D:6      | Noticed Menkaure
  6144 | D:6      | Killed Menkaure
  7155 | D:7      | Noticed Dowan
  7157 | D:7      | Noticed Duvessa
  7159 | D:7      | Killed Dowan
  7175 | D:6      | HP: 2/65 [Duvessa/+0 rapier (16)]
  7175 | D:6      | Mangled by Duvessa

Illustrated notes

Levels and vault maps discovered:
D:1:      minmay_arrival_arboretum_small, layout_loops_ring
D:2:      layout_loops_corners, marbit_many_paths, lemuel_crystal_altar
D:3:      layout_loops_ring, lemuel_round_altar,
          lemuel_zombie_altar_yredelemnul, portal_sewer_entry_a
D:4:      layout_gridville, eat_drink_and_be_merry_uskayaw, kennysheep_mini,
          serial_shops, shop, uniq_grinder
D:5:      layout_cave_pods, first_ration, basic_altar, kennysheep_small_square,
          uniq_crazy_yiuf_cottage
D:6:      layout_basic, old_standard_altar, dk_rats_in_the_wall, uniq_menkaure
D:7:      cheibrodos_shockbox, layout_basic, minmay_temple_entry_tees,
          enter_bailey_3, uniq_duvessa

Skill      XL: |  1  2  3  4  5  6  7  8 |
---------------+-------------------------+-----
Fighting       | 3 5 6 |  6.9
Crossbows      | 5 6 |  6.7
Armour         | 1 3 5 |  5.2
Dodging        | 4 5 |  5.3
Evocations     | 1 4 |  4.0
Stealth        | |  0.8

Action                   |  1- 3 |  4- 6 |  7- 9 || total
-------------------------+-------+-------+-------++-------
Melee: Short sword       |   166 |   167 |    38 ||   371
       Rapier            |       |       |    18 ||    18
 Fire: Hand crossbow     |    29 |    73 |   119 ||   221
  Use: Scroll            |       |     7 |     7 ||    14
       Potion            |       |       |     4 ||     4
 Stab: Sleeping          |     4 |     1 |       ||     5
  Eat: Chunk             |     5 |     8 |       ||    13
       Ration            |       |       |     3 ||     3
Armor: Leather armour    |    59 |    62 |    28 ||   149
Dodge: Dodged            |   123 |   115 |    98 ||   336
